 Dungeon Crawl Stone Soup version 0.21-a0-140-g479285b (webtiles) character file.

1678875 Gorglomux the Bringer of Law (level 27, 265/288 HPs)
             Began as a Hill Orc Enchanter on July 20, 2017.
             Was the Champion of Zin.
             Escaped with the Orb
             ... and 3 runes!
             The game lasted 02:48:36 (71005 turns).

Gorglomux the Bringer of Law (Hill Orc Enchanter)  Turns: 71005, Time: 02:48:37

Health: 265/288    AC: 34    Str: 23    XL:     27
Magic:  49/49      EV: 26    Int: 18    God:    Zin [******]
Gold:   269        SH: 33    Dex: 17    Spells: 26/29 levels left

rFire    + + .     SeeInvis +   a - +9 broad axe (chop)
rCold    + + .     Gourm    .   O - +8 large shield
rNeg     . . .     Faith    .   I - +6 gold dragon scales
rPois    +         Spirit   +   r - +2 hat {SInv} {god gift}
rElec    .         Reflect  .   o - scarf {Spirit} {god gift}
rCorr    .         Harm     .   l - +2 pair of gloves {archery} {god gift}
MR       +++..     Rnd*Rage +   (no boots)
Stlth    ..........             p - amulet of Vitality {Regen+ HP+15}
HPRegen  1.38/turn              e - ring of Irets {rC+ MP+9 Int+5 Slay+3}
MPRegen  0.31/turn              k - ring of Phasing {EV+8}

@: agile
A: berserk 1, blink, dopey 1, fire resistance 1, magic resistance 1,
regeneration 1
0: Orb of Zot
}: 3/15 runes: serpentine, barnacled, abyssal
a: Blink, Recite, Vitalisation, Imprison, Sanctuary, Donate Gold, Cure All
Mutations, Renounce Religion


You escaped.
You worshipped Zin.
Zin was exalted by your worship.
You were full.

You visited 9 branches of the dungeon, and saw 46 of its levels.
You visited the Abyss 1 time.
You also visited: Labyrinth and Ice Cave.

You collected 5077 gold pieces.
You spent 3143 gold pieces at shops.
You donated 1665 gold pieces to Zin.

Inventory:

Hand Weapons
 a - a +9 broad axe of chopping (weapon)
 b - a +7 broad axe of electrocution {god gift}
Missiles
 Z - 10 throwing nets (quivered)
Armour
 l - a +2 pair of gloves of archery (worn) {god gift}
 o - a scarf of spirit shield (worn) {god gift}
 r - a +2 hat of see invisible (worn) {god gift}
 I - +6 gold dragon scales (worn)
 O - a +8 large shield (worn)
Jewellery
 e - the ring of Irets (left hand) {rC+ MP+9 Int+5 Slay+3}
   (You took it off a fire giant on level 3 of the Depths)

   [ring of magical power]

   It affects your intelligence (+5).
   It affects your accuracy and damage with ranged weapons and melee attacks
   (+3).
   It protects you from cold.
   It affects your magic capacity (+9).
 g - an uncursed ring of resist corrosion
 k - the ring of Phasing (right hand) {EV+8}
   (You found it in a labyrinth)

   [ring of evasion]

   It affects your evasion (+8).
 m - an uncursed ring of protection from magic
 p - the amulet of Vitality (around neck) {Regen+ HP+15}
   (You bought it in a shop on level 3 of the Snake Pit)

   [amulet of regeneration]

   It affects your health (+15).
   It increases your rate of regeneration.
 s - an uncursed ring of see invisible
 v - the ring "Duisaun" {rF+ Int+3 Stlth-}
   (You found it on level 3 of the Lair of Beasts)

   [ring of loudness]

   It affects your intelligence (+3).
   It protects you from fire.
   It makes you less stealthy.
 x - an uncursed ring of stealth {unknown}
Wands
 A - a wand of acid (7/15)
 C - a wand of confusion (24/48)
 E - a wand of enslavement (9/24)
 H - a wand of iceblast (6/15)
 J - a wand of paralysis (10/24)
 K - a wand of enslavement (20/24)
 L - a wand of lightning (4/15)
 P - a wand of paralysis (18/24)
 S - a wand of scattershot (7/9)
Scrolls
 f - a scroll of holy word
 i - 4 scrolls of fog
 n - 4 scrolls of recharging
 w - a scroll of silence
 B - 3 scrolls of blinking
 G - 5 scrolls of fear
 M - 2 scrolls of magic mapping
 N - 5 scrolls of immolation
 R - 16 scrolls of identify
 T - 5 scrolls of teleportation
 U - 23 scrolls of remove curse
Potions
 c - 2 potions of resistance
 h - a potion of might
 j - 6 potions of cancellation
 q - 6 potions of agility
 t - 3 potions of ambrosia
 u - a potion of invisibility
 y - 6 potions of haste
 z - 6 potions of berserk rage
 F - 6 potions of heal wounds
 Q - 9 potions of curing
Miscellaneous
 D - a fan of gales
 V - a phantom mirror
 W - a sack of spiders
 X - a phial of floods
 Y - a lamp of fire
Comestibles
 d - 9 bread rations


   Skills:
 O Level 27 Fighting
   Level 1.0 Short Blades
 - Level 18.4 Axes
 - Level 19.0 Armour
 + Level 16.5 Dodging
 - Level 2.4 Stealth
 + Level 22.8 Shields
 - Level 1.5 Spellcasting
   Level 3.0 Hexes
 O Level 27 Invocations
 - Level 8.0 Evocations


You had 26 spell levels left.
You knew the following spells:

 Your Spells              Type           Power        Failure   Level  Hunger
R - Regeneration          Chrm/Necr      #.........   100%        3    ####...


Dungeon Overview and Level Annotations

Branches:
Dungeon (15/15)            Temple (1/1) D:4            Lair (6/6) D:8
 Shoals (4/4) Lair:3        Snake (4/4) Lair:4        Slime (0/5) Lair:5
    Orc (2/2) D:11            Elf (0/3) Orc:2        Vaults (4/5) D:13
  Crypt (0/3) Vaults:3     Depths (5/5) D:15            Zot (5/5) Depths:5

Altars:
Ashenzari
Cheibriados
Dithmenos
Elyvilon
Fedhas
Gozag
Hepliaklqana
Kikubaaqudgha
Makhleb
Nemelex Xobeh
Okawaru
Qazlal
Ru
Sif Muna
Trog
Uskayaw
Vehumet
Wu Jian
Xom
Yredelemnul
Zin
The Shining One
Jiyva

Shops:
D:7 *   D:12 %   Orc:2 %(*=   Snake:2 ?   Snake:3 }==   Depths:2 ((?

Portals:
Hell: Depths:1 Depths:2 Depths:3 Depths:4 Depths:5
Abyss: Depths:2 Depths:4 Depths:5
Pandemonium: Depths:3
Ziggurat: Depths:1

Annotations:
D:3 Gorglomux's ghost, amateur HOCj
Lair:3 exclusion: ice statue
Depths:1 1 exclusion


Innate Abilities, Weirdness & Mutations

You tend to lose your temper in combat.
You can translocate small distances at will.
You are dopey. (Int -2)
Your flesh is heat resistant. (rF+)
You are resistant to hostile enchantments. (MR+)
Your natural rate of healing is unusually fast.


Message History

You swing at nothing!
You swing at nothing!
You barely miss the quasit! You block the quasit's attack! x2
You block the butt's attack!
You completely miss the butt! You cut the butt into ribbons!!!!!!
You annihilate the quasit!!!
You swing at nothing!
You start resting!
Your extra speed is starting to run out!
You start resting!
Zin will cure all your mutations!!! once!
You start resting!
You feel yourself slow down!
You start resting!
Butt feel a little less butt now!
Unknown command!
You start resting!
Butt restored!
You butt escaped!!!

##(###.####.####.# #(###......
##.# #.##.....##.# #.##.......
##.###.##.#.#.##.######.##.......
........#.....##.##.....##.......
...###..#.#.#.#...#####..........
#### #..#.....#...#.....####.....
######..#)#.###...####### ##...#
#.........#.##.....# ##.##
#..####.###.##..@..# #.# #..# #.#
#.##.....# ######.# #..# #.#
#.###...## #......# #..####.# #.#
#...# #.###### ........# #.#
#...# #.# #..###### #.# ##.## #.#
#..# #.# #.# ###.# #..# #.####.#
#...# ...# #.&..#.# #.###


There were no monsters in sight!

Vanquished Creatures
  A pandemonium lord (D:1)
  A seraph (Zot:3)
  8 orbs of fire (Zot:5)
  4 ancient liches
  2 juggernauts
  Sojobo (Depths:1)
  Saint Roka (Depths:4)
  5 caustic shrikes
  3 Killer Klowns (Zot:5)
  A profane servitor (Abyss:2)
  Nikola (Snake:2)
  6 golden dragons
  the Enchantress (Depths:4)
  3 bone dragons
  2 electric golems
  Jorgrun (Snake:2)
  Rupert (Snake:1)
  A hellephant (Abyss:4)
  10 tentacled monstrosities
  28 Orb Guardians
  4 deep elf blademasters (Depths:2)
  10 titans
  3 Hell Sentinels
  3 quicksilver dragons
  6 liches
  Polyphemus (Shoals:2)
  8 tentacled starspawn
  Kirke (D:14)
  4 sphinxes
  5 deep elf master archers
  Frances (D:12)
  5 death cobs
  10 storm dragons
  4 shadow dragons
  8 tengu reavers
  5 draconian monks
  11 nagarajas
  A revenant (Abyss:3)
  14 frost giants
  5 draconian knights
  2 daevas
  2 balrugs
  17 fire giants
  2 cacodemons
  3 draconian scorchers
  A deep elf sorcerer (Depths:2)
  2 iron dragons
  19 vault wardens
  A warmonger (Zot:5)
  16 ironheart preservers
  A draconian annihilator (Zot:2)
  5 draconian shifters
  2 draconian stormcallers
  17 very ugly things
  3 spriggan defenders (Depths:4)
  An angel (Zot:3)
  7 vampire knights
  6 black draconians
  Nessos (D:12)
  6 green draconians
  3 deep elf demonologists
  An entropy weaver (shapeshifter) (Depths:5)
  16 stone giants
  3 lorocyprocas
  A deep elf annihilator (Depths:3)
  Azrael (Orc:2)
  6 dire elephants (Abyss:4)
  5 purple draconians
  5 yellow draconians
  3 spark wasps (Depths:2)
  8 red draconians
  Snorg (D:14)
  10 ettins
  2 blizzard demons (Abyss:3)
  9 white draconians
  A deep elf death mage (Vaults:2)
  4 merfolk javelineers
  7 fire dragons
  A green death (Abyss:2)
  12 yaktaur captains
  2 jiangshi (Depths:3)
  A minotaur (Lab)
  An eidolon (Vaults:3)
  5 merfolk impalers
  13 ogre magi
  16 ice dragons
  11 great orbs of eyes
  11 rakshasas
  18 naga warriors
  6 hydras
  7 spriggan air magi
  25 vault guards
  A catoblepas (shapeshifter) (D:15)
  A monstrous demonspawn (D:5)
  A hell beast (D:15)
  2 merfolk avatars (Shoals:1)
  15 anacondas
  3 catoblepae
  3 merfolk aquamancers (Shoals:4)
  18 centaur warriors
  51 two-headed ogres
  4 death knights
  A satyr (Shoals:3)
  10 deep troll shamans
  3 vampire magi
  4 death yaks
  4 tengu warriors
  6 spriggan berserkers
  23 thrashing horrors
  13 deep troll earth magi
  5 sun demons
  13 shock serpents
  A shock serpent (shapeshifter) (Depths:3)
  13 naga sharpshooters
  Sonja (Lair:1)
  9 deep elf knights
  3 iron trolls
  A soul eater (D:4)
  3 spriggans
  2 cherubim (Zot:3)
  20 hell knights
  7 salamander mystics
  3 sixfirhies
  14 wretched stars
  A death drake (shapeshifter) (D:15)
  6 spatial maelstroms
  10 deep elf archers
  An infernal demonspawn (Zot:5)
  33 deep trolls
  7 naga ritualists
  3 unseen horrors
  A torturous demonspawn (Zot:3)
  A glowing orange brain (shapeshifter) (Abyss:3)
  6 glowing orange brains
  11 orc knights
  8 sea snakes
  A golden dragon skeleton (Abyss:3)
  An orange crystal statue (Depths:1)
  4 flayed ghosts
  4 phantasmal warriors
  4 lindwurms (Snake:4)
  9 wizards
  18 ironbrand convokers
  Pikel (D:6)
  10 harpies
  45 ugly things
  13 mana vipers
  25 deep elf magi
  16 salamanders
  2 wolf spiders
  A faun (shapeshifter) (Depths:4)
  7 manticores
  13 moths of wrath
  4 orc sorcerers
  47 starcursed masses
  4 fauns (Shoals:2)
  5 worldbinders
  A manticore (shapeshifter) (Depths:4)
  A toenail golem (Abyss:3)
  3 merfolk sirens
  4 cyclopes
  8 elephants
  2 ice statues (IceCv)
  10 guardian serpents
  A rust devil (Abyss:3)
  4 apocalypse crabs
  33 black mambas
  17 vault sentinels
  3 water nymphs
  3 eyes of devastation
  20 spiny frogs
  A fire giant skeleton (Abyss:3)
  A black mamba (shapeshifter) (D:15)
  7 orange demons
  A gargoyle (D:11)
  12 smoke demons
  38 large abominations
  A spiny frog (shapeshifter) (D:13)
  24 naga magi
  A hellion (Depths:1)
  A torpor snail (Lair:6)
  5 spectral swamp worms (Depths:5)
  60 yaktaurs
  2 kobold demonologists
  2 efreet
  11 komodo dragons
  5 rime drakes
  5 freezing wraiths
  A rime drake (shapeshifter) (Depths:4)
  A komodo dragon (shapeshifter) (Depths:4)
  A red devil (Depths:1)
  A tormentor (Zot:5)
  4 ice devils
  3 hellwings
  4 trolls
  14 ancient zymes
  A meliai (shapeshifter) (Vaults:2)
  4 polar bears
  4 tyrant leeches (Lair:6)
  A wind drake (Shoals:4)
  42 slime creatures
  2 tengu conjurers
  15 merfolk
  30 blink frogs
  A blink frog (shapeshifter) (Vaults:2)
  4 hornets
  A wind drake (shapeshifter) (Vaults:3)
  A fire giant simulacrum (Vaults:2)
  8 hippogriffs
  9 snapping turtles
  An ice dragon zombie (Abyss:1)
  22 raiju
  A meliai zombie (D:13)
  3 air elementals (Depths:5)
  A redback (shapeshifter) (Depths:2)
  A tarantella (shapeshifter) (Vaults:4)
  3 vampires
  7 water elementals
  A wyvern (D:9)
  2 shadows (D:12)
  7 ynoxinuls
  Sigmund (D:2)
  46 yaks
  4 basilisks
  6 hogs (D:14)
  11 chaos spawn
  5 wraiths
  4 fire elementals
  2 fire bats (Abyss:4)
  A steam dragon (D:10)
  3 hungry ghosts
  12 neqoxecs
  A human simulacrum (Vaults:1)
  4 insubstantial wisps (Abyss:4)
  5 vampire mosquitoes (Lair:6)
  2 soldier ants (D:13)
  2 wargs
  41 nagas
  21 spatial vortices
  15 water moccasins
  2 acid dragons (D:14)
  3 floating eyes
  3 hell hounds (Orc:2)
  13 porcupines
  An eye of draining (D:14)
  19 ice beasts
  2 black bears
  53 orc warriors
  An ice beast (shapeshifter) (Vaults:4)
  A snapping turtle zombie (Abyss:3)
  43 ogres
  An eye of draining (shapeshifter) (D:15)
  9 sky beasts
  4 phantoms
  8 boggarts
  A necrophage (D:6)
  9 wolves (Lair:4)
  28 centaurs
  10 crocodiles
  3 big kobolds
  An earth elemental (Abyss:2)
  A gnoll sergeant (D:7)
  2 wyvern zombies
  37 bullfrogs
  A spiny frog simulacrum (Abyss:4)
  41 small abominations
  3 scorpions
  4 killer bees (D:13)
  12 wights
  12 howler monkeys
  2 electric eels
  12 crimson imps
  A bullfrog zombie (D:6)
  3 centaur zombies
  2 quasits
  5 hounds
  5 jellies
  3 bullfrog skeletons
  7 centaur skeletons
  9 orc priests
  6 iron imps
  8 iguanas
  11 worker ants
  31 orc wizards
  A killer bee zombie (D:9)
  A hound skeleton (D:10)
  A hound zombie (D:9)
  Robin (D:4)
  7 gnolls
  2 worker ant zombies
  13 adders
  4 shadow imps
  5 white imps
  4 ufetubi (Abyss:3)
  6 oozes
  4 worms
  2 dart slugs
  9 leopard geckos
  109 orcs
  3 ball pythons
  5 giant cockroaches
  A hobgoblin (shapeshifter) (Depths:3)
  4 hobgoblins
  17 jackals
  3 quokkas
  10 bats
  5 frilled lizards
  14 goblins
  A jackal zombie (D:7)
  22 kobolds
  A leopard gecko skeleton (D:9)
  A leopard gecko zombie (D:8)
  2 quokka skeletons
  7 rats
  A butterfly (Lair:5)
  9 fungi
  A lurking horror (Abyss:4)
  10 pillars of salt
  5 plants
  7 starspawn tentacles
2504 creatures vanquished.

Vanquished Creatures (collateral kills)
  2 spiny frogs (Lair:6)
  A vampire mosquito (Lair:6)
3 creatures vanquished.

Vanquished Creatures (others)
  An ogre mage (D:12)
  A vampire mage (Vaults:3)
  A vault sentinel (Vaults:3)
  A merfolk (Shoals:4)
  A large abomination (Abyss:3)
  A starcursed mass (Abyss:4)
  2 shadows
  A neqoxec (Abyss:2)
  An ice beast (Abyss:4)
  A leopard gecko (D:6)
  7 fungi
  2 lurking horrors
  35 pillars of salt
  29 plants
  15 starspawn tentacles
99 creatures vanquished.

Grand Total: 2606 creatures vanquished

Notes
Turn   | Place    | Note
-------+----------+-------------------------------------------
     0 | D:1      | Gorglomux the Hill Orc Enchanter began the quest for the Orb.
     0 | D:1      | Reached XP level 1. HP: 14/14 MP: 3/3
   220 | D:1      | Reached skill level 1 in Fighting
   269 | D:1      | Reached XP level 2. HP: 15/24 MP: 2/4
   930 | D:1      | Reached skill level 3 in Fighting
   977 | D:1      | Reached XP level 3. HP: 28/31 MP: 5/5
  1313 | D:2      | Found a white marble altar of Elyvilon.
  1439 | D:2      | Noticed Sigmund
  1449 | D:2      | Killed Sigmund
  1449 | D:2      | Reached skill level 6 in Fighting
  1449 | D:2      | Reached XP level 4. HP: 29/44 MP: 4/6
  1449 | D:2      | Reached XP level 5. HP: 33/50 MP: 4/7
  2028 | D:3      | Noticed Gorglomux's ghost (amateur HOCj)
  2077 | D:3      | Found a radiant altar of Vehumet.
  2172 | D:3      | Found a bloodstained altar of Trog.
  2399 | D:3      | Found a faded altar of an unknown god.
  2607 | D:4      | Noticed a sky beast
  2652 | D:3      | Killed a sky beast
  2652 | D:3      | Reached XP level 6. HP: 40/60 MP: 8/8
  2656 | D:3      | Gained mutation: Armour fits poorly on your strangely shaped body. [mutagenic meat]
  2657 | D:3      | Gained mutation: You possess an exceptional clarity of mind. [mutagenic meat]
  2903 | D:4      | Noticed Robin
  3725 | D:4      | Killed Robin
  3945 | D:4      | Reached XP level 7. HP: 44/68 MP: 9/9
  4118 | D:4      | Reached skill level 3 in Armour
  4688 | D:4      | Found a staircase to the Ecumenical Temple.
  4715 | Temple   | Entered the Ecumenical Temple
  4726 | Temple   | Became a worshipper of Warmaster Okawaru
  5374 | D:5      | Entered Level 5 of the Dungeon
  5415 | D:5      | Reached XP level 8. HP: 15/74 MP: 10/10
  5755 | D:5      | Reached skill level 6 in Armour
  5933 | D:5      | Found a sparkling altar of Nemelex Xobeh.
  6115 | D:5      | Reached skill level 1 in Axes
  6182 | D:5      | Found a shadowy altar of Dithmenos.
  6251 | D:5      | Found a deep blue altar of Sif Muna.
  6919 | D:6      | Noticed a yak
  6922 | D:6      | Noticed a yak
  6969 | D:5      | Killed a yak
  6969 | D:5      | Reached * piety under Okawaru
  6969 | D:5      | Reached skill level 3 in Axes
  7177 | D:6      | Noticed a yak
  7200 | D:5      | Killed a yak
  7212 | D:5      | Killed a yak
  7936 | D:6      | Reached skill level 6 in Axes
  7936 | D:6      | Reached XP level 9. HP: 77/81 MP: 11/11
  8041 | D:6      | Reached ** piety under Okawaru
  8264 | D:6      | Noticed Pikel
  8293 | D:6      | Killed Pikel
  8293 | D:6      | Reached *** piety under Okawaru
  8293 | D:6      | Reached skill level 9 in Axes
  8810 | D:6      | Found a stormy altar of Qazlal.
  9534 | D:7      | Reached XP level 10. HP: 73/87 MP: 12/12
  9642 | D:7      | Reached skill level 12 in Axes
  9929 | D:7      | Noticed a hand axe
  9930 | D:7      | Noticed a dagger
  9938 | D:7      | Found Ywka Oto's Serpentskin Sales.
  9959 | D:7      | Found a hide-covered altar of Uskayaw.
 10137 | D:7      | Found a basalt altar of Yredelemnul.
 10194 | D:7      | Found an ancient bone altar of Kikubaaqudgha.
 10297 | D:7      | Reached skill level 15 in Axes
 10297 | D:7      | Reached XP level 11. HP: 93/93 MP: 12/16
 10347 | D:8      | Found a burning altar of Makhleb.
 10349 | D:8      | Noticed an Executioner
 10481 | D:8      | Found a shattered altar of Ashenzari.
 10571 | D:8      | Found an opulent altar of Gozag.
 10811 | D:8      | Found a staircase to the Lair.
 10811 | D:8      | Noticed a death yak
 11799 | D:8      | Reached skill level 9 in Invocations
 12420 | D:8      | Gained mutation: You are clumsy. (Dex -2) [mutagenic meat]
 12421 | D:8      | Lost mutation: You possess an exceptional clarity of mind. [mutagenic meat]
 12422 | D:8      | Lost mutation: You are clumsy. (Dex -2) [mutagenic meat]
 12423 | D:8      | Gained mutation: You occasionally shout uncontrollably at your foes. [mutagenic meat]
 12425 | D:8      | Lost mutation: Armour fits poorly on your strangely shaped body. [potion of mutation]
 12425 | D:8      | Lost mutation: You occasionally shout uncontrollably at your foes. [potion of mutation]
 12425 | D:8      | Gained mutation: You have sharp toenails. [potion of mutation]
 12425 | D:8      | Gained mutation: You are dopey. (Int -2) [potion of mutation]
 12425 | D:8      | Gained mutation: Your flesh is heat resistant. (rF+) [potion of mutation]
 12434 | D:8      | Reached **** piety under Okawaru
 14875 | D:10     | Entered Level 10 of the Dungeon
 15381 | D:10     | Reached skill level 9 in Fighting
 15919 | D:11     | Reached skill level 9 in Armour
 15919 | D:11     | Reached XP level 12. HP: 94/104 MP: 17/20
 16590 | D:11     | Found a staircase to the Orcish Mines.
 17368 | Lair:1   | Entered Level 1 of the Lair of Beasts
 17530 | Lair:1   | Noticed a seven-headed hydra
 17538 | Lair:1   | Killed a seven-headed hydra
 17538 | Lair:1   | Reached skill level 1 in Evocations
 18106 | Lair:1   | Noticed Sonja
 18119 | Lair:1   | Killed Sonja
 18119 | Lair:1   | Reached skill level 3 in Evocations
 18833 | Lair:2   | Reached ***** piety under Okawaru
 19715 | Lair:3   | Reached skill level 6 in Evocations
 20364 | Lair:3   | Received a gift from Okawaru
 20708 | Lair:3   | Reached XP level 13. HP: 109/114 MP: 21/21
 20768 | Lair:3   | Found a sacrificial altar of Ru.
 21034 | Lair:3   | Got a translucent ivory ring
 21036 | Lair:3   | Identified the ring "Duisaun" {rF+ Int+3 Stlth-} (You found it on level 3 of the Lair of Beasts)
 21584 | Lair:3   | Found a staircase to the Shoals.
 22132 | Lair:4   | Found a labyrinth entrance.
 22295 | Lab      | Entered a labyrinth
 23667 | Lab      | Noticed a minotaur
 23674 | Lab      | Killed a minotaur
 23779 | Lair:4   | Found a deep blue altar of Sif Muna.
 24129 | Lair:4   | Reached skill level 18 in Axes
 24795 | Lair:4   | Found a staircase to the Snake Pit.
 25300 | Lair:4   | Reached skill level 1 in Shields
 25743 | Lair:4   | Reached skill level 3 in Shields
 26088 | Lair:5   | Received a gift from Okawaru
 26103 | Lair:5   | Got a shimmering scale mail {god gift}
 26114 | Lair:5   | Identified the +0 scale mail of Ner Atexu {god gift, rPois MP-9 Str+5} (Okawaru gifted it to you on level 5 of the Lair of Beasts)
 26414 | Lair:5   | Reached XP level 14. HP: 82/122 MP: 11/22
 26870 | Lair:5   | Found a viscous altar of Jiyva.
 26870 | Lair:5   | Found a staircase to the Slime Pits.
 27314 | Lair:6   | Entered Level 6 of the Lair of Beasts
 27554 | Lair:6   | Reached skill level 12 in Invocations
 28377 | Lair:6   | Received a gift from Okawaru
 28384 | Lair:6   | Reached skill level 12 in Fighting
 28389 | Lair:6   | Reached ****** piety under Okawaru
 29760 | Lair:6   | Reached skill level 12 in Armour
 30638 | D:12     | Received a gift from Okawaru
 30661 | D:12     | Noticed Frances
 30769 | D:12     | Killed Frances
 30856 | D:12     | Found Gan Geso's Food Shoppe.
 31001 | D:12     | Reached XP level 15. HP: 104/134 MP: 13/25
 31052 | D:12     | Found a runed door.
 31060 | D:12     | Noticed a tengu reaver
 31061 | D:12     | Noticed a tengu reaver
 31064 | D:12     | Noticed Nessos
 31096 | D:12     | Killed Nessos
 31260 | D:12     | Killed a tengu reaver
 31285 | D:12     | Killed a tengu reaver
 31730 | D:12     | Got a flickering iron amulet
 32517 | D:13     | Found a gate to the Vaults.
 32920 | D:13     | Identified the amulet "Tiulasowe" {RegenMP *Slow MR+ MP+9 Slay+4} (You found it on level 12 of the Dungeon)
 33629 | D:14     | Received a gift from Okawaru
 33773 | D:14     | Noticed Snorg
 33799 | D:14     | Killed Snorg
 34083 | D:14     | Reached skill level 15 in Invocations
 34147 | D:14     | Noticed Kirke
 34169 | D:14     | Killed Kirke
 34933 | D:15     | Entered Level 15 of the Dungeon
 34968 | D:15     | Found a frozen archway.
 34993 | IceCv    | Entered an ice cave
 34995 | IceCv    | Found a transporter.
 35108 | IceCv    | Received a gift from Okawaru
 35123 | IceCv    | Reached XP level 16. HP: 76/147 MP: 6/27
 35873 | D:15     | Found a staircase to the Depths.
 36338 | D:15     | Reached skill level 15 in Fighting
 36992 | Orc:1    | Entered Level 1 of the Orcish Mines
 37173 | Orc:2    | Entered Level 2 of the Orcish Mines
 38409 | Orc:2    | Noticed Azrael
 38430 | Orc:2    | Killed Azrael
 38970 | Orc:2    | Found Sivvic's General Store.
 38970 | Orc:2    | Found Neuhaxuo's Antique Weapon Boutique.
 38972 | Orc:2    | Found Caet's Food Shop.
 38974 | Orc:2    | Found Farhyent's Jewellery Shoppe.
 38986 | Orc:2    | Bought an uncursed amulet of regeneration for 360 gold pieces
 38988 | Orc:2    | Bought 2 potions of haste for 280 gold pieces
 38988 | Orc:2    | Bought a potion of curing for 42 gold pieces
 39085 | Orc:2    | Found a staircase to the Elven Halls.
 39890 | Snake:1  | Entered Level 1 of the Snake Pit
 40994 | Snake:1  | Received a gift from Okawaru
 41341 | Snake:1  | Noticed Rupert
 41359 | Snake:1  | Killed Rupert
 41463 | Snake:1  | Reached skill level 15 in Armour
 41713 | Snake:1  | Reached skill level 6 in Shields
 41938 | Snake:2  | Noticed a nagaraja
 41944 | Snake:2  | Killed a nagaraja
 42037 | Snake:2  | Reached XP level 17. HP: 145/158 MP: 27/29
 42787 | Snake:2  | Found Narchu's Magic Scroll Shop.
 42790 | Snake:2  | Bought a scroll of brand weapon for 380 gold pieces
 42797 | Snake:2  | Bought a scroll of recharging for 180 gold pieces
 42797 | Snake:2  | Bought a scroll of fear for 66 gold pieces
 42797 | Snake:2  | Bought a scroll of enchant weapon for 142 gold pieces
 42797 | Snake:2  | Bought a scroll of enchant weapon for 142 gold pieces
 43061 | Snake:2  | Noticed Jorgrun
 43076 | Snake:2  | Killed Jorgrun
 43163 | Snake:2  | Noticed Nikola
 43173 | Snake:2  | Killed Nikola
 43575 | Snake:3  | Received a gift from Okawaru
 43580 | Snake:3  | Got a warped eveningstar {god gift}
 43581 | Snake:3  | Identified the +8 eveningstar "Gifrewen" {god gift, antimagic, rF+} (Okawaru gifted it to you on level 3 of the Snake Pit)
 44251 | Snake:3  | Found Fagha's Gadget Boutique.
 44251 | Snake:3  | Found Jibewn's Jewellery Shoppe.
 44252 | Snake:3  | Found Alint's Jewellery Shoppe.
 44259 | Snake:3  | Bought a phial of floods for 440 gold pieces
 44261 | Snake:3  | Bought the amulet of Vitality {Regen+ HP+15} for 1027 gold pieces
 44799 | Snake:4  | Entered Level 4 of the Snake Pit
 44856 | Snake:4  | Received a gift from Okawaru
 45137 | Snake:4  | Reached skill level 18 in Invocations
 45265 | Snake:4  | Reached skill level 9 in Shields
 45270 | Snake:4  | Reached XP level 18. HP: 170/170 MP: 31/31
 45872 | Snake:4  | Received a gift from Okawaru
 45985 | Snake:4  | Got a serpentine rune of Zot
 46393 | Snake:4  | Reached skill level 18 in Fighting
 46723 | Shoals:1 | Entered Level 1 of the Shoals
 46960 | Shoals:2 | Noticed Polyphemus
 47007 | Shoals:2 | Killed Polyphemus
 47239 | Shoals:4 | Entered Level 4 of the Shoals
 47294 | Shoals:4 | Reached XP level 19. HP: 179/179 MP: 30/32
 47412 | Shoals:4 | Learned a level 3 spell: Regeneration
 47477 | Shoals:4 | Received a gift from Okawaru
 47494 | Shoals:4 | Got a barnacled rune of Zot
 48672 | Vaults:1 | Entered Level 1 of the Vaults
 48900 | Vaults:1 | Reached skill level 12 in Shields
 48982 | Vaults:1 | Received a gift from Okawaru
 49036 | Vaults:1 | Received a gift from Okawaru
 49065 | Vaults:1 | Identified the +1 helmet of Xakuug {god gift, rPois rN+ Str+3} (Okawaru gifted it to you on level 1 of the Vaults)
 50110 | Vaults:2 | Reached XP level 20. HP: 191/191 MP: 34/34
 50130 | Vaults:2 | Reached skill level 18 in Armour
 50203 | Vaults:2 | Paralysed by a great orb of eyes for 6 turns
 50457 | Vaults:2 | Reached skill level 21 in Invocations
 50854 | Vaults:2 | Received a gift from Okawaru
 51510 | Vaults:3 | Found a staircase to the Crypt.
 52016 | Vaults:3 | Received a gift from Okawaru
 52020 | Vaults:3 | Got a faintly glowing broad axe {god gift}
 52021 | Vaults:3 | Identified the +1 broad axe of Vum Bib {god gift, freeze, *Contam Str+4 Dex+5 Stlth+} (Okawaru gifted it to you on level 3 of the Vaults)
 52085 | Vaults:3 | Gained mutation: Scrolls take you a little longer to read. [mutagenic glow]
 52154 | Vaults:3 | Lost mutation: Scrolls take you a little longer to read. [potion of mutation]
 52154 | Vaults:3 | Lost mutation: You have sharp toenails. [potion of mutation]
 52154 | Vaults:3 | Gained mutation: Your natural rate of healing is unusually fast. [potion of mutation]
 52154 | Vaults:3 | Gained mutation: You can translocate small distances at will. [potion of mutation]
 52154 | Vaults:3 | Gained mutation: You are resistant to hostile enchantments. (MR+) [potion of mutation]
 52191 | Vaults:3 | Reached XP level 21. HP: 169/198 MP: 30/36
 52816 | Vaults:4 | Reached skill level 24 in Invocations
 52926 | Vaults:4 | Received a gift from Okawaru
 54011 | Vaults:4 | Received a gift from Okawaru
 54367 | Depths:1 | Entered Level 1 of the Depths
 54367 | Depths:1 | Noticed Sojobo
 54390 | Depths:1 | Killed Sojobo
 54551 | Depths:1 | Reached XP level 22. HP: 167/206 MP: 28/39
 54559 | Depths:1 | Received a gift from Okawaru
 54630 | Depths:1 | Found a gateway to a ziggurat.
 54793 | Depths:1 | Found a gateway to Hell.
 55084 | Depths:1 | Reached skill level 27 in Invocations
 55846 | Temple   | Fell from the grace of Okawaru
 55846 | Temple   | Became a worshipper of Zin the Law-Giver
 55846 | Temple   | Reached * piety under Zin
 55846 | Temple   | Reached ** piety under Zin
 55847 | Temple   | Donated 547 gold pieces to Zin
 55848 | Temple   | Donated 273 gold pieces to Zin
 55849 | Temple   | Donated 137 gold pieces to Zin
 55850 | Temple   | Donated 68 gold pieces to Zin
 55858 | Temple   | Reached *** piety under Zin
 56024 | D:9      | Reached **** piety under Zin
 57243 | Depths:2 | Found Mitiam's Magic Scroll Shop.
 57247 | Depths:2 | Found Saxt's Antique Weapon Boutique.
 57248 | Depths:2 | Found Nerod's Weapon Shop.
 57257 | Depths:2 | Reached skill level 3 in Dodging
 57322 | Depths:2 | Bought a scroll of teleportation for 42 gold pieces
 57322 | Depths:2 | Bought a scroll of teleportation for 42 gold pieces
 57905 | Depths:2 | Noticed a caustic shrike
 57923 | Depths:2 | Killed a caustic shrike
 58099 | Depths:2 | Paralysed by a floating eye for 2 turns
 58359 | Depths:2 | Gained mutation: You tend to lose your temper in combat. [a neqoxec]
 58373 | Depths:2 | Reached XP level 23. HP: 217/217 MP: 40/40
 58534 | Depths:2 | Found a one-way gate to the infinite horrors of the Abyss.
 58543 | Depths:2 | Reached ***** piety under Zin
 59419 | Depths:3 | Found a one-way gate leading to the halls of Pandemonium.
 59719 | Depths:3 | Reached skill level 21 in Fighting
 59754 | Depths:3 | Noticed a caustic shrike
 59771 | Depths:3 | Killed a caustic shrike
 59771 | Depths:3 | Reached skill level 6 in Dodging
 59997 | Depths:3 | Noticed a golden dragon
 60028 | Depths:3 | Noticed a caustic shrike
 60030 | Depths:3 | Noticed a caustic shrike
 60037 | Depths:3 | Killed a caustic shrike
 60046 | Depths:2 | Killed a caustic shrike
 60252 | Depths:2 | Reached skill level 15 in Shields
 60540 | Depths:3 | Killed a golden dragon
 60755 | Depths:3 | Noticed a juggernaut
 60768 | Depths:3 | Killed a juggernaut
 60910 | Depths:3 | Reached XP level 24. HP: 204/233 MP: 36/40
 60945 | Depths:3 | Got a wavering lapis lazuli ring
 60992 | Depths:3 | Noticed a caustic shrike
 61005 | Depths:3 | Killed a caustic shrike
 61042 | Depths:3 | Was forgiven by Okawaru
 61249 | Depths:3 | Identified the ring of Irets {rC+ MP+9 Int+5 Slay+3} (You took it off a fire giant on level 3 of the Depths)
 62057 | Depths:4 | Noticed the Enchantress
 62101 | Depths:4 | Killed the Enchantress
 62103 | Depths:4 | Reached skill level 9 in Dodging
 62441 | Depths:4 | Noticed Saint Roka
 62464 | Depths:4 | Killed Saint Roka
 62561 | Depths:4 | Donated 169 gold pieces to Zin
 62796 | Depths:4 | Reached skill level 24 in Fighting
 63096 | Depths:5 | Entered Level 5 of the Depths
 63448 | Depths:5 | Reached XP level 25. HP: 201/247 MP: 37/40
 63508 | Depths:5 | Found a gate to the Realm of Zot.
 63679 | Depths:5 | Noticed a juggernaut
 63681 | Depths:5 | Paralysed by a floating eye for 3 turns
 63698 | Depths:5 | Killed a juggernaut
 64136 | Depths:5 | Voluntarily entered the Abyss.
 64797 | Abyss:1  | Reached ****** piety under Zin
 65175 | Abyss:2  | Found a corrupted altar of Lugonu.
 65409 | Abyss:2  | Reached skill level 18 in Shields
 65529 | Abyss:3  | Found a corrupted altar of Lugonu.
 66034 | Abyss:3  | Paralysed by accursed screaming for 1 turns
 66236 | Abyss:3  | Reached XP level 26. HP: 259/259 MP: 40/40
 66285 | Abyss:4  | Reached skill level 12 in Dodging
 66441 | Abyss:4  | Found a corrupted altar of Lugonu.
 66617 | Abyss:4  | Noticed an ancient lich
 66646 | Abyss:4  | Killed an ancient lich
 67192 | Abyss:4  | Found a corrupted altar of Lugonu.
 67205 | Abyss:4  | Got an abyssal rune of Zot
 67294 | Depths:5 | Escaped the Abyss
 67389 | Zot:1    | Entered Level 1 of the Realm of Zot
 68118 | Zot:4    | Reached XP level 27. HP: 206/270 MP: 38/40
 68178 | Zot:5    | Entered Level 5 of the Realm of Zot
 68852 | Zot:5    | Noticed an orb of fire
 68873 | Zot:5    | Killed an orb of fire
 68904 | Zot:5    | Noticed an ancient lich
 68910 | Zot:5    | Noticed an ancient lich
 68917 | Zot:5    | Killed an ancient lich
 68929 | Zot:5    | Killed an ancient lich
 69096 | Zot:5    | Noticed an orb of fire
 69097 | Zot:5    | Reached skill level 27 in Fighting
 69102 | Zot:5    | Noticed an orb of fire
 69111 | Zot:5    | Killed an orb of fire
 69139 | Zot:5    | Killed an orb of fire
 69139 | Zot:5    | Reached skill level 21 in Shields
 69173 | Zot:5    | Noticed an ancient lich
 69187 | Zot:5    | Killed an ancient lich
 69413 | Zot:5    | Noticed an orb of fire
 69414 | Zot:5    | Noticed an orb of fire
 69431 | Zot:5    | Reached skill level 15 in Dodging
 69434 | Zot:5    | Killed an orb of fire
 69438 | Zot:5    | Killed an orb of fire
 69459 | Zot:5    | Noticed an orb of fire
 69459 | Zot:5    | Noticed an orb of fire
 69481 | Zot:5    | Killed an orb of fire
 69491 | Zot:5    | Killed an orb of fire
 69658 | Zot:5    | Noticed an orb of fire
 69678 | Zot:5    | Killed an orb of fire
 69858 | Zot:5    | Got the Orb of Zot
 70086 | Zot:3    | Noticed a seraph
 70102 | Zot:3    | Killed a seraph
 70444 | Depths:1 | Noticed Hoziamuko the pandemonium lord
 70448 | Depths:1 | Noticed an ancient lich
 70517 | D:15     | Noticed a seraph
 70809 | D:1      | Noticed Jihi the pandemonium lord
 70928 | D:1      | Killed Jihi the pandemonium lord
 70954 | D:1      | Donated 270 gold pieces to Zin
 71005 | D:$      | Escaped with the Orb!

Vault maps used:
D:1:      dpeg_arrival_rhombus, minmay_misc_feat_roman, serial_bayou_ford_a
D:2:      elyvilon_altar_1, uniq_sigmund
D:3:      lemuel_coloured_pillars_altar, lightli_temple_of_fire,
          chequers_ecumenical_altar_island
D:4:      minmay_temple_entry_hall, first_bread, grunt_ministairs_8, uniq_robin
D:5:      kennysheep_mini, old_standard_altar, lemuel_blue_sif_altar,
          kennysheep_generic_room_6
D:6:      grunt_qazlal_sundering, uniq_pikel
D:7:      kennysheep_little_box, yredelemnul_altar_generic,
          dancing_weapons_uskayaw, guppyfry_shop_venom
D:8:      nicolae_overflow_hidden_temple,
          nicolae_gozag_cash_rules_everything_around_me,
          makhleb_altar_promises_db, david_lair_generic
D:9:      hangedman_little_slice_of_home
D:10:     minivault_25
D:11:     david_orc_2, serial_corexii_hall, corexii_hall_statues_u,
          corexii_hall_statues_i
D:12:     serial_shops, shop, minmay_hidden_floor, uniq_frances, uniq_nessos
D:13:     erik_vaults_2, minivault_4
D:14:     roderic_hopi_sauvastika, uniq_snorg, uniq_kirke
D:15:     gammafunk_enter_depths_forms, portal_ice_cave_entry_pillars_1
Temple:   compressed_dpeg_triangle_lava_temple
Lair:1:   uniq_sonja
Lair:2:   cheibrodos_lair_caveside_slide
Lair:3:   minmay_shoals_entry_lonely_mermaid, basic_altar, ice2_lemuel
Lair:4:   guppyfry_snake_entry_island, lab_entry_generic, basic_altar,
          lemuel_fruit_fields
Lair:5:   dpeg_slime_entry_enclosed_altar, lemuel_fruit_fields,
          lemuel_fruit_fields
Lair:6:   minmay_lair_end_frog_pond
Shoals:2: uniq_polyphemus
Shoals:4: shoals_end_grunt_ice, shoal_ilsuiw, nicolae_shoals_aquamancer_cove
Snake:1:  lemuel_fruit_tree, grunt_megastairs_4, uniq_rupert
Snake:2:  serial_shops, shop_fountains, uniq_nikola, uniq_jorgrun
Snake:3:  minmay_shop_grove, grunt_megastairs_1
Snake:4:  snake_pit_salamanders_mu, nrook_guardian_serpent_ordinary
Orc:2:    st_orc_rangers, uniq_azrael
Vaults:1: v_rooms_3, nicolae_vaults_yaktaur_gun_rack, ontoclasm_vaults_twist,
          vaults_dpeg_hooks, vaults_dpeg_ring, vaults_room_stairs_pillars,
          nicolae_vaults_little_squares_3, nicolae_vaults_little_squares_1,
          nicolae_vaults_rhombus_5
Vaults:2: ontoclasm_vaults_chip, nicolae_vaults_border_crossing, v_misc_33,
          ontoclasm_vaults_bender, vaults_dpeg_encased_lava, v_misc_28,
          nicolae_vaults_network_s, v_pattern_4, vaults_mumra_lcd,
          vaults_room_grid, ontoclasm_vaults_claustrophobia
Vaults:3: nicolae_vaults_big_angled_halls, v_misc_2, ontoclasm_vaults_gateway,
          nicolae_vaults_meeting, minmay_crypt_entry_simple_sparse, v_misc_3,
          v_misc_15, nicolae_vaults_shelves_hall,
          nicolae_vaults_little_squares_2, dpeg_vaults_monster_box
Vaults:4: vaults_standard_mumra_x, nicolae_vaults_network_barrier,
          hangedman_vaults_stretched_pinwheel, nicolae_vaults_little_ls,
          nicolae_vaults_network_square, v_misc_27, v_misc_30,
          nicolae_vaults_quartermaster, v_misc_23,
          nicolae_vaults_diagonal_hallway_7, hangedman_vaults_nails
Depths:1: enter_ziggurat_b, marbit_kobold_abyss_entry, grunt_hell_entry_dis_old,
          grunt_decor_one_mirror, roderic_bali_sauvastika,
          serial_sigils_hangedman_shear, minmay_protected_statue, uniq_sojobo
Depths:2: minmay_tile_spiral, kennysheep_small_spiral, hangedman_coc_ice_floe,
          minmay_room_of_horrors, minmay_shop_star
Depths:3: grunt_runaround, pan_entry, hell_entry, serial_shops
Depths:4: minmay_box_of_statues, abyss_entry, lightli_too_deep,
          kennysheep_generic_room_3, minmay_staircase_statues, uniq_enchantress,
          uniq_saint_roka
Depths:5: grunt_zot_entry_alcove, serial_sigils_hangedman_gnaw,
          pf_hell_entry_tar_river, hangedman_abyss_entry_splay,
          columned_hall_lemuel, serial_bayou_shore_a
Zot:2:    lemuel_halls_of_wrath, grunt_ministairs_15, st_single_dragon_hoard_4
Zot:4:    kennysheep_blocky_room, st_stairs_10, st_single_dragon_hoard_3
Zot:5:    lemuel_baited_zot_trap
Abyss:2:  hangedman_steaming_rock, hangedman_abyss_overflow_altar
Abyss:3:  nicolae_abyss_rune_star_stuff, evilmike_abyss_exit_mutagenic
Abyss:4:  evilmike_abyss_rune_elephants_shrine
IceCv:    ice_cave_statue_garden_teleport

Skill      XL: |  1  2  3  4  5  6  7  8  9 10 11 12 13 14 15 16 17 18 19 20 21 22 23 24 25 26 27 |
---------------+----------------------------------------------------------------------------------+-----
Fighting       | 2 3 6 7 8 9 10 12 14 16 17 18 19 20 22 24 25 26 27 | 27.0
Armour         | 2 5 7 8 9 10 12 13 15 16 17 18 19 | 19.0
Axes           | 6 11 15 16 18 | 18.4
Invocations    | 7 11 13 15 16 18 19 20 23 26 27 | 27.0
Evocations     | 8 |  8.0
Shields        | 5 6 9 10 12 13 15 17 18 20 22 | 22.8
Dodging        | 4 7 10 11 13 16 | 16.5
Short Blades   | |  1.0
Stealth        | |  2.4
Spellcasting   | |  1.5
Hexes          | |  3.0

Action                   |  1- 3 |  4- 6 |  7- 9 | 10-12 | 13-15 | 16-18 | 19-21 | 22-24 | 25-27 || total
-------------------------+-------+-------+-------+-------+-------+-------+-------+-------+-------++-------
Melee: Dagger            |    84 |   141 |   315 |   324 |       |       |       |       |       ||   864
       Spear             |     8 |       |    51 |       |       |       |       |       |       ||    59
       Hand axe          |       |       |    17 |       |       |       |       |       |       ||    17
       War axe           |       |       |   121 |   522 |       |       |       |       |       ||   643
       Kick              |       |       |       |   186 |   389 |   443 |   242 |       |       ||  1260
       Punch             |       |       |       |     3 |       |       |       |       |       ||     3
       Broad axe         |       |       |       |    60 |  1355 |  1527 |  1330 |  1638 |  2041 ||  7951
Throw: Tomahawk          |       |     2 |       |     1 |       |       |       |       |       ||     3
 Cast: Corona            |     8 |     5 |       |       |       |       |       |       |       ||    13
Invok: Heroism           |       |       |     8 |    26 |    38 |    32 |    16 |     2 |       ||   122
       Finesse           |       |       |       |     1 |     4 |     6 |     4 |       |       ||    15
       Recite            |       |       |       |       |       |       |       |    55 |    54 ||   109
       Vitalisation      |       |       |       |       |       |       |       |    12 |    13 ||    25
       Donate Gold       |       |       |       |       |       |       |       |     5 |     1 ||     6
       Imprison          |       |       |       |       |       |       |       |       |     6 ||     6
Evoke: Wand              |       |       |       |     9 |    19 |    10 |     4 |    12 |     2 ||    56
       Fan of gales      |       |       |       |       |       |       |       |     1 |       ||     1
       Lamp of fire      |       |       |       |       |       |       |       |     1 |       ||     1
       Phial of floods   |       |       |       |       |       |       |       |     1 |       ||     1
  Use: Potion            |     1 |       |     1 |     4 |     3 |     2 |     2 |     2 |    10 ||    25
       Scroll            |       |       |    13 |    12 |    16 |    26 |     3 |    23 |    10 ||   103
 Stab: Sleeping          |     4 |       |     1 |       |     1 |     1 |       |       |       ||     7
       Paralysed         |       |       |       |     3 |     3 |     5 |       |    10 |       ||    21
       Petrified         |       |       |       |       |     3 |       |       |       |       ||     3
       Confused          |       |       |       |       |       |     4 |       |    44 |    27 ||    75
       Distracted        |       |       |       |       |       |       |     1 |     2 |       ||     3
       Invisible         |       |       |       |       |       |       |       |       |    20 ||    20
  Eat: Chunk             |     2 |    10 |    18 |    37 |    32 |    24 |    25 |     8 |     9 ||   165
       Royal jelly       |       |       |       |     2 |     3 |       |       |       |     1 ||     6
       Meat ration       |       |       |       |       |     2 |     3 |       |       |       ||     5
       Bread ration      |       |       |       |       |       |       |       |     6 |     4 ||    10
       Fruit             |       |       |       |       |       |       |       |       |     1 ||     1
Armor: Robe              |     5 |       |       |       |       |       |       |       |       ||     5
       Ring mail         |     9 |    50 |    36 |       |       |       |       |       |       ||    95
       Chain mail        |       |       |   183 |   271 |       |       |       |       |       ||   454
       Plate armour      |       |       |       |   330 |   207 |   217 |   220 |   349 |       ||  1323
       Scale mail        |       |       |       |       |   152 |    92 |       |       |       ||   244
       Skin              |       |       |       |       |     3 |       |       |       |       ||     3
       Gold dragon scale |       |       |       |       |       |       |       |     8 |   399 ||   407
Dodge: Dodged            |    45 |    77 |   161 |   266 |   742 |   564 |   228 |   431 |   570 ||  3084
Block: Buckler           |       |       |       |    12 |   231 |   101 |       |       |       ||   344
       Shield            |       |       |       |       |       |   119 |       |       |       ||   119
       Large shield      |       |       |       |       |       |   890 |  1279 |  1830 |  2274 ||  6273
